 Dungeon Sprint DCSS version 0.32-a0-468-g38b2580584 (webtiles) character file.

Game seed: 6475168797858826688

110 rocky1 the Ruffian (level 4, 49/49 HPs)
             Began as a Troll Monk on Feb 23, 2024.
             Was a Believer of Dithmenos.
             Quit the game in the Dungeon (Sprint IX: "|||||||||||||||||||||||||||||") on Feb 25, 2024.
             The game lasted 00:01:08 (73 turns).

rocky1 the Ruffian (Troll Monk)                       Turns: 73, Time: 00:01:09

Health: 49/49      AC:  4    Str: 21    XL:     4   Next: 61%
Magic:  3/3        EV: 11    Int:  6    God:    Dithmenos [**....]
Gold:   0          SH:  0    Dex: 12    Spells: 3/3 levels left

rFire   . .          .
                       - Unarmed
rCold   . . .        c - orb {light}
rNeg    . . .        a - +0 robe
rPois   .            (helmet restricted)
rElec   .            (no cloak)
rCorr   .            (gloves unavailable)
SInv    .            (boots unavailable)
Will    .....        (no amulet)
Stlth   +            (no ring)
HPRegen 1.08/turn    (no ring)
MPRegen 0.08/turn

%: no teleportation
@: no status effects
A: large, unfitting armour, claws 3, regeneration 1, shaggy fur 1, tough skin 1
a: Renounce Religion, Shadow Step


You were in the Dungeon.
You worshipped Dithmenos.
Dithmenos was pleased with you.
You visited 1 branch

Inventory:

Armour
 a - a +0 robe (worn)
 c - an orb of light (worn)
Scrolls
 i - a scroll of blinking
Potions
 b - a potion of ambrosia
 d - a potion of curing
 e - a potion of heal wounds
 f - a potion of haste
 g - 2 potions of magic
 h - a potion of berserk rage


   Skills:
 + Level 4.8 Fighting
 + Level 4.9 Dodging
 + Level 6.4 Unarmed Combat


You had 3 spell levels left.
You didn't know any spells.
Your spell library was empty.

Dungeon Overview and Level Annotations

Branches:
Dungeon (1/1)

Altars:
Cheibriados
Dithmenos
Elyvilon
Fedhas
Gozag
Hepliaklqana
Kikubaaqudgha
Makhleb
Nemelex Xobeh
Okawaru
Qazlal
Ru
Sif Muna
Trog
Uskayaw
Vehumet
Wu Jian
Xom
Yredelemnul
Zin
The Shining One
Beogh
Jiyva
Lugonu


Innate Abilities, Weirdness & Mutations

You are too large for most types of armour.
You have claws for hands.
Your natural rate of healing is unusually fast.
You are covered in fur. (AC +1)
You have tough skin. (AC +1)


Message History

There is a white marble altar of Elyvilon here.
There is a shadowy altar of Dithmenos here.
You kneel at the altar of Dithmenos.
Dithmenos welcomes you!
You are shrouded in an aura of darkness!
You can now step into the shadows of nearby creatures.
There is a white marble altar of Elyvilon here.
There is a blossoming altar of Fedhas here.
There is an opulent altar of Gozag here.
Found a stormy altar of Qazlal.
There is a hazy altar of Hepliaklqana here.
Found a sacrificial altar of Ru.
There is a viscous altar of Jiyva here.
Found a shimmering blue altar of Sif Muna.
There is an ancient bone altar of Kikubaaqudgha here.
Found a bloodstained altar of Trog.
There is a corrupted altar of Lugonu here.
Found a hide-covered altar of Uskayaw.
There is a burning altar of Makhleb here.
Found a radiant altar of Vehumet.
There is a sparkling altar of Nemelex Xobeh here.
Found an ornate altar of the Wu Jian Council.
There is an iron altar of Okawaru here.
Found a shimmering altar of Xom.
There is a stormy altar of Qazlal here.
Found a basalt altar of Yredelemnul.
There is a sacrificial altar of Ru here.
Found a glowing silver altar of Zin.
There is a shimmering blue altar of Sif Muna here.
Found a glowing golden altar of the Shining One.
There is a bloodstained altar of Trog here.
There is a hide-covered altar of Uskayaw here.
There is a radiant altar of Vehumet here.
Welcome back, rocky1 the Troll Monk. [Dungeon Sprint] Dithmenos says: Spread the eternal night.
Press ? for a list of commands and other information.
There is a hide-covered altar of Uskayaw here.
There is a bloodstained altar of Trog here.
There is a hide-covered altar of Uskayaw here.
Are you sure you want to abandon this character and quit the game? (Confirm with "yes".)

▓+▓
▓_▓
▓_▓
▓_▓
▓_▓
▓_▓
▓_▓
▓@▓
▓_▓
▓_▓
▓_▓
▓_▓
▓_▓
▓_▓
▓_▓
▓_▓


There were no monsters in sight!

Vanquished Creatures
  A howler monkey (D)
  A hound (D)
  A sleepcap (D)
  An adder (D)
  An ufetubus (D)
  2 endoplasms (D)
  A frilled lizard (D)
  2 rats (D)
10 creatures vanquished.

Notes
Turn   | Place    | Note
-------+----------+-------------------------------------------
     0 | D        | rocky1 the Troll Monk began the quest for the Orb.
     0 | D        | Reached XP level 1. HP: 22/22 MP: 0/0
    15 | D        | Noticed a hound
    15 | D        | Noticed a howler monkey
    15 | D        | Noticed a sleepcap
    20 | D        | Reached skill level 4 in Unarmed Combat
    20 | D        | Reached XP level 2. HP: 31/31 MP: 1/1
    28 | D        | Reached skill level 5 in Unarmed Combat
    28 | D        | Reached XP level 3. HP: 29/39 MP: 2/2
    30 | D        | Reached XP level 4. HP: 31/49 MP: 3/3
    32 | D        | Reached skill level 6 in Unarmed Combat
    39 | D        | Found a roughly hewn altar of Beogh.
    39 | D        | Found a snail-covered altar of Cheibriados.
    39 | D        | Found a shadowy altar of Dithmenos.
    39 | D        | Found a white marble altar of Elyvilon.
    39 | D        | Found a blossoming altar of Fedhas.
    39 | D        | Found an opulent altar of Gozag.
    40 | D        | Found a hazy altar of Hepliaklqana.
    41 | D        | Found a viscous altar of Jiyva.
    42 | D        | Found an ancient bone altar of Kikubaaqudgha.
    43 | D        | Found a corrupted altar of Lugonu.
    44 | D        | Found a burning altar of Makhleb.
    45 | D        | Found a sparkling altar of Nemelex Xobeh.
    47 | D        | Found an iron altar of Okawaru.
    53 | D        | Became a worshipper of Dithmenos the Shadowed
    53 | D        | Reached * piety under Dithmenos
    53 | D        | Reached ** piety under Dithmenos
    57 | D        | Found a stormy altar of Qazlal.
    58 | D        | Found a sacrificial altar of Ru.
    59 | D        | Found a shimmering blue altar of Sif Muna.
    60 | D        | Found a bloodstained altar of Trog.
    61 | D        | Found a hide-covered altar of Uskayaw.
    62 | D        | Found a radiant altar of Vehumet.
    63 | D        | Found an ornate altar of the Wu Jian Council.
    64 | D        | Found a shimmering altar of Xom.
    65 | D        | Found a basalt altar of Yredelemnul.
    66 | D        | Found a glowing silver altar of Zin.
    67 | D        | Found a glowing golden altar of the Shining One.
    70 | D        | Upgraded the game from 0.32-a0-433-g08bcfe7efd to
                  | 0.32-a0-468-g38b2580584
    73 | D        | Quit the game

Illustrated notes

Levels and vault maps discovered:
D:        linesprint [early_d, line_temple, items_1, d_10, items_2, lair_1,
          lair_end, items_3, orc_1, orc_end, items_4, d_15, swamp_1, shoals_1,
          snake_1, spider_1, d_20, vaults_1, items_5, swamp_end, shoals_end,
          snake_end, spider_end, vaults_end, d_27, items_6, zot_1, zot_end,
          crypt_end, forest_end, elf_end, slime_end, tomb_end, abyss_end,
          pan_hell_end]

Skill      XL: |  1  2  3  4 |
---------------+-------------+-----
Fighting       | 3 4 |  4.8
Dodging        | 3 4 |  4.9
Unarmed Combat | 4 5 6 |  6.4

Action                     |  1- 3 |  4- 6 || total
---------------------------+-------+-------++-------
  Melee: Unarmed           |    18 |     4 ||    22
 Armour: Robe              |     9 |    15 ||    24
  Dodge: Dodged            |     5 |    18 ||    23

Table legend: (Time is in decaauts)
 A = Elapsed time spent in this place.
 B = Non-inter-level travel time spent in this place.
 C = Inter-level travel time spent in this place.
 D = Time resting spent in this place.
 E = Time spent auto-exploring this place.
 F = Levels seen in this place.
 G = Mean time per level.
                   A        B        C        D        E       F      G
               +--------+--------+--------+--------+--------+-----+--------+
         Total |     71 |     71 |      0 |      0 |      0 |   1 |   71.0 |
       Dungeon |     71 |     71 |      0 |      0 |      0 |   1 |   71.0 |
               +--------+--------+--------+--------+--------+-----+--------+

Top non-repeatable levels by time:
       D: 71 daAuts
